TOP OF THE 1ST |
North Carolina Tar Heels batting - Pitching for Iowa Hawkeyes : RHP Júlio Reyes
|
Pitching: RHP Júlio Reyes
|
|
Batting: LHB Alfonso Sánchez
|
0-0: DOUBLE (Line Drive, 7D)
|
Batting: RHB Shane Hunter
|
0-0: Swinging Strike 0-1: Swinging Strike 0-2: Strikes out swinging
|
Batting: LHB Tim Black
|
0-0: Ball 1-0: Called Strike 1-1: Ground out 4-3 (Groundball, 4) Alfonso Sánchez to third
|
Batting: RHB Scotty Sherman
|
0-0: Ball 1-0: Ball Passed Ball! Alfonso Sánchez scores 2-0: Ball 3-0: Base on Balls
|
Batting: RHB Howard Brown
|
0-0: Ball 1-0: Fielders Choice at 2nd, 5-4 (Groundball, 56)
|
Top of the 1st over - 1 run, 1 hit, 0 errors, 1 left on base; North Carolina 1 - Iowa 0 |
BOTTOM OF THE 1ST |
Iowa Hawkeyes batting - Pitching for North Carolina Tar Heels : RHP Brad Miron
|
Pitching: RHP Brad Miron
|
|
Batting: LHB Fletcher White
|
0-0: Ground out 6-3 (Groundball, 6S)
|
Batting: RHB Jack Black
|
0-0: Called Strike 0-1: Foul Ball, location: 2F 0-2: Strikes out swinging
|
Batting: RHB Jim Jones
|
0-0: Fly out, F9 (Flyball, 9S)
|
Bottom of the 1st over - 0 runs, 0 hits, 0 errors, 0 left on base; North Carolina 1 - Iowa 0 |
TOP OF THE 2ND |
North Carolina Tar Heels batting - Pitching for Iowa Hawkeyes : RHP Júlio Reyes
|
Batting: RHB Doug Bruce
|
0-0: Ball 1-0: Ball 2-0: Ball 3-0: Called Strike 3-1: Base on Balls
|
Batting: LHB Emory Bernal
|
0-0: Called Strike 0-1: Swinging Strike 0-2: Ball 1-2: Ball 2-2: Ball 3-2: Fielders Choice at 2nd, 1-6 (Groundball, P)
|
Batting: LHB Stanley Woods
|
0-0: Ball 1-0: SINGLE (Flyball, 7LS) Emory Bernal to second
|
Batting: LHB Quinn Wolfe
|
0-0: Ball 1-0: Ball 2-0: Called Strike 2-1: Foul Ball, location: 2F 2-2: Ball 3-2: Strikes out swinging
|
Batting: LHB Alfonso Sánchez
|
0-0: Called Strike 0-1: SINGLE (Groundball, 5D) Emory Bernal to third Stanley Woods to second Runner from 3rd tries for Home, SAFE, no throw
|
Batting: RHB Shane Hunter
|
0-0: Called Strike 0-1: Swinging Strike 0-2: Strikes out swinging
|
Top of the 2nd over - 1 run, 2 hits, 0 errors, 2 left on base; North Carolina 2 - Iowa 0 |
BOTTOM OF THE 2ND |
Iowa Hawkeyes batting - Pitching for North Carolina Tar Heels : RHP Brad Miron
|
Batting: LHB Jesús Torres
|
0-0: Called Strike 0-1: Ball 1-1: Ball 2-1: Ball 3-1: Ground out 3-1 (Groundball, 34S)
|
Batting: LHB José Gonzáles
|
0-0: Foul Ball, location: 2F 0-1: Foul Ball, location: 2F 0-2: Ball 1-2: Foul Ball, location: 2F 1-2: Strikes out looking
|
Batting: RHB John Phillips
|
0-0: Foul Ball, location: 2F 0-1: Ball 1-1: Ball 2-1: Ball 3-1: Called Strike 3-2: SOLO HOME RUN (Line Drive, 7LD), Distance : 318 ft
|
Batting: RHB Bill Wells
|
0-0: Called Strike 0-1: Ball 1-1: Ball 2-1: Ball 3-1: Foul Ball, location: 2F 3-2: Base on Balls
|
Batting: RHB Dan Perkins
|
0-0: Foul Ball, location: 2F 0-1: Called Strike 0-2: Ball 1-2: Foul Ball, location: 2F 1-2: Ball 2-2: Ball 3-2: Base on Balls Bill Wells to second
|
Batting: RHB Jeff Harden
|
0-0: Called Strike 0-1: Ball 1-1: Ball 2-1: Ball 3-1: Fly out, F9 (Flyball, 89M)
|
Bottom of the 2nd over - 1 run, 1 hit, 0 errors, 2 left on base; North Carolina 2 - Iowa 1 |
TOP OF THE 3RD |
North Carolina Tar Heels batting - Pitching for Iowa Hawkeyes : RHP Júlio Reyes
|
Batting: LHB Tim Black
|
0-0: Ball 1-0: Swinging Strike 1-1: Foul Ball, location: 2F 1-2: Strikes out swinging
|
Batting: RHB Scotty Sherman
|
0-0: SINGLE (Line Drive, 9S)
|
Batting: RHB Howard Brown
|
0-0: Ball Scotty Sherman is caught stealing 2nd base 1-0: Ball 2-0: Ball 3-0: Called Strike 3-1: Base on Balls
|
Batting: RHB Doug Bruce
|
0-0: Swinging Strike 0-1: Ball 1-1: Swinging Strike 1-2: Strikes out swinging
|
Top of the 3rd over - 0 runs, 1 hit, 0 errors, 1 left on base; North Carolina 2 - Iowa 1 |
BOTTOM OF THE 3RD |
Iowa Hawkeyes batting - Pitching for North Carolina Tar Heels : RHP Brad Miron
|
Batting: LHB Fletcher White
|
0-0: Called Strike 0-1: Fly out, F7 (Flyball, 7D)
|
Batting: RHB Jack Black
|
0-0: Ball 1-0: Called Strike 1-1: Fly out, F4 (Flyball, 4D)
|
Batting: RHB Jim Jones
|
0-0: Called Strike 0-1: Ground out U3 (Groundball, 34)
|
Bottom of the 3rd over - 0 runs, 0 hits, 0 errors, 0 left on base; North Carolina 2 - Iowa 1 |
TOP OF THE 4TH |
North Carolina Tar Heels batting - Pitching for Iowa Hawkeyes : RHP Júlio Reyes
|
Batting: LHB Emory Bernal
|
0-0: Ball 1-0: Foul Ball, location: 2F 1-1: Ball 2-1: Foul Ball, location: 2F 2-2: Foul Ball, location: 2F 2-2: Ground out 6-3 (Groundball, 56)
|
Batting: LHB Stanley Woods
|
0-0: Called Strike 0-1: Ball 1-1: SINGLE (Line Drive, 8LS)
|
Batting: LHB Quinn Wolfe
|
0-0: Fly out, F8 (Flyball, 8LD)
|
Batting: LHB Alfonso Sánchez
|
0-0: Ball 1-0: Ball 2-0: Ball 3-0: Base on Balls Stanley Woods to second
|
Batting: RHB Shane Hunter
|
0-0: Ball 1-0: Foul Ball, location: 2F 1-1: Ball 2-1: Foul Ball, location: 2F 2-2: Ball 3-2: Ground out 5-3 (Groundball, 5)
|
Top of the 4th over - 0 runs, 1 hit, 0 errors, 2 left on base; North Carolina 2 - Iowa 1 |
BOTTOM OF THE 4TH |
Iowa Hawkeyes batting - Pitching for North Carolina Tar Heels : RHP Brad Miron
|
Batting: LHB Jesús Torres
|
0-0: Fly out, F7 (Flyball, 7)
|
Batting: LHB José Gonzáles
|
0-0: Foul Ball, location: 2F 0-1: Ball 1-1: Foul Ball, location: 2F 1-2: Ball 2-2: Foul Ball, location: 2F 2-2: TRIPLE (Flyball, 9D)
|
Batting: RHB John Phillips
|
0-0: Called Strike 0-1: SINGLE (Flyball, 7LS) José Gonzáles scores
|
Batting: RHB Bill Wells
|
0-0: Called Strike 0-1: Called Strike 0-2: Ball 1-2: Foul Ball, location: 2F 1-2: Foul Ball, location: 2F 1-2: Strikes out looking
|
Batting: RHB Dan Perkins
|
0-0: Ball 1-0: Ball 2-0: Ball 3-0: Called Strike 3-1: Foul Ball, location: 2F 3-2: Foul Ball, location: 2F 3-2: Ground out 4-3 (Groundball, 4)
|
Bottom of the 4th over - 1 run, 2 hits, 0 errors, 1 left on base; North Carolina 2 - Iowa 2 |
TOP OF THE 5TH |
North Carolina Tar Heels batting - Pitching for Iowa Hawkeyes : RHP Júlio Reyes
|
Batting: LHB Tim Black
|
0-0: Ball 1-0: Foul Ball, location: 2F 1-1: Ground out U3 (Groundball, 34)
|
Batting: RHB Scotty Sherman
|
0-0: SINGLE (Line Drive, 7S)
|
Batting: RHB Howard Brown
|
0-0: Called Strike Scotty Sherman steals 2nd base 0-1: Ball 1-1: Called Strike 1-2: Ball 2-2: Fly out, F9 (Line Drive, 9)
|
Batting: RHB Doug Bruce
|
0-0: Intentional Walk
|
Pitching: RHP Rob Beck
|
|
Batting: LHB Emory Bernal
|
0-0: Fly out, F7 (Line Drive, 7D)
|
Top of the 5th over - 0 runs, 1 hit, 0 errors, 2 left on base; North Carolina 2 - Iowa 2 |
BOTTOM OF THE 5TH |
Iowa Hawkeyes batting - Pitching for North Carolina Tar Heels : RHP Brad Miron
|
Batting: RHB Jeff Harden
|
0-0: Fly out, F7 (Flyball, 7LM)
|
Batting: LHB Fletcher White
|
0-0: Foul Ball, location: 2F 0-1: Ground out 6-3 (Groundball, 6)
|
Batting: RHB Jack Black
|
0-0: Ground out 6-3 (Groundball, 6)
|
Bottom of the 5th over - 0 runs, 0 hits, 0 errors, 0 left on base; North Carolina 2 - Iowa 2 |
TOP OF THE 6TH |
North Carolina Tar Heels batting - Pitching for Iowa Hawkeyes : RHP Rob Beck
|
Batting: LHB Stanley Woods
|
0-0: Ground out 5-3 (Groundball, 5L)
|
Batting: LHB Quinn Wolfe
|
0-0: Fly out, F9 (Flyball, 9S)
|
Batting: LHB Alfonso Sánchez
|
0-0: Foul Ball, location: 2F 0-1: Called Strike 0-2: Foul Ball, location: 2F 0-2: Strikes out swinging
|
Top of the 6th over - 0 runs, 0 hits, 0 errors, 0 left on base; North Carolina 2 - Iowa 2 |
BOTTOM OF THE 6TH |
Iowa Hawkeyes batting - Pitching for North Carolina Tar Heels : RHP Brad Miron
|
Batting: RHB Jim Jones
|
0-0: Called Strike 0-1: DOUBLE (Flyball, 8RD)
|
Batting: LHB Jesús Torres
|
0-0: Foul Ball, location: 2F 0-1: Ball 1-1: Swinging Strike 1-2: Ball 2-2: Ball 3-2: Foul Ball, location: 2F 3-2: Base on Balls
|
Pitching: RHP Tom Garner
|
|
Batting: LHB José Gonzáles
|
0-0: Ball 1-0: Foul Ball, location: 2F 1-1: Swinging Strike 1-2: Strikes out looking
|
Batting: RHB John Phillips
|
0-0: Ball 1-0: Grounds into double play, 6-4-3 (Groundball, 6)
|
Bottom of the 6th over - 0 runs, 1 hit, 0 errors, 1 left on base; North Carolina 2 - Iowa 2 |
TOP OF THE 7TH |
North Carolina Tar Heels batting - Pitching for Iowa Hawkeyes : RHP Rob Beck
|
Batting: RHB Shane Hunter
|
0-0: Ground out 4-3 (Groundball, 4)
|
Batting: LHB Tim Black
|
0-0: Called Strike 0-1: Foul Ball, location: 2F 0-2: Ball 1-2: Ball 2-2: Ground out 5-3 (Groundball, 56)
|
Batting: RHB Scotty Sherman
|
0-0: Called Strike 0-1: Ball 1-1: Ball 2-1: Foul Ball, location: 2F 2-2: Fly out, F8 (Flyball, 8LD)
|
Top of the 7th over - 0 runs, 0 hits, 0 errors, 0 left on base; North Carolina 2 - Iowa 2 |
BOTTOM OF THE 7TH |
Iowa Hawkeyes batting - Pitching for North Carolina Tar Heels : RHP Tom Garner
|
Batting: RHB Bill Wells
|
0-0: Called Strike 0-1: Ball 1-1: Ball 2-1: Swinging Strike 2-2: SINGLE (Groundball, 56D)
|
Batting: RHB Dan Perkins
|
0-0: Bunted foul 0-1: Bunted foul 0-2: Ball 1-2: Ball 2-2: Ball 3-2: DOUBLE (Line Drive, 89D) Bill Wells to third
|
Batting: RHB Jeff Harden
|
0-0: Ground out 6-3 (Groundball, 6)
|
Batting: LHB Fletcher White
|
0-0: Intentional Walk
|
Batting: RHB Jack Black
|
0-0: SINGLE (Line Drive, 6M) Bill Wells scores Dan Perkins to third Fletcher White to second
|
Batting: RHB Jim Jones
|
0-0: Ball 1-0: Ball 2-0: Ball 3-0: Base on Balls Dan Perkins scores Fletcher White to third Jack Black to second
|
Pitching: LHP Dan Womack
|
|
Batting: LHB Jesús Torres
|
0-0: Ball 1-0: Foul Ball, location: 2F 1-1: Foul Ball, location: 2F 1-2: Grounds into fielders choice 4-2 (Groundball, 4) Jack Black to third Jim Jones to second
|
Pinch Hitting: RHB Jim Sharry
|
0-0: Ball 1-0: Ball 2-0: Called Strike 2-1: Called Strike 2-2: Ball 3-2: Base on Balls Jack Black scores Jim Jones to third Jesús Torres to second
|
Batting: RHB John Phillips
|
0-0: Ball 1-0: Called Strike 1-1: Foul Ball, location: 2F 1-2: Strikes out looking
|
Bottom of the 7th over - 3 runs, 3 hits, 0 errors, 3 left on base; North Carolina 2 - Iowa 5 |
TOP OF THE 8TH |
North Carolina Tar Heels batting - Pitching for Iowa Hawkeyes : RHP Rob Beck
|
Now at 1B: Fraser West
|
|
Batting: RHB Howard Brown
|
0-0: SINGLE (Line Drive, 3)
|
Batting: RHB Doug Bruce
|
0-0: Ball 1-0: Ball 2-0: Called Strike 2-1: Foul Ball, location: 2F 2-2: Ball 3-2: Foul Ball, location: 2F 3-2: 2-RUN HOME RUN (Flyball, 7D), Distance : 348 ft
|
Pitching: RHP P.J. Pittman
|
|
Batting: LHB Emory Bernal
|
0-0: Ball 1-0: Ball 2-0: Foul Ball, location: 2F 2-1: Ball 3-1: Called Strike 3-2: Fly out, F8 (Flyball, 8RD)
|
Batting: LHB Stanley Woods
|
0-0: Called Strike 0-1: Fly out, F1 (Line Drive, 13)
|
Batting: LHB Quinn Wolfe
|
0-0: Fly out, F9 (Flyball, 89M)
|
Top of the 8th over - 2 runs, 2 hits, 0 errors, 0 left on base; North Carolina 4 - Iowa 5 |
BOTTOM OF THE 8TH |
Iowa Hawkeyes batting - Pitching for North Carolina Tar Heels : LHP Dan Womack
|
Batting: RHB Bill Wells
|
0-0: Ball 1-0: Foul Ball, location: 2F 1-1: Called Strike 1-2: Ball 2-2: Ball 3-2: Strikes out looking
|
Batting: RHB Dan Perkins
|
0-0: Ball 1-0: Ball 2-0: Ball 3-0: Called Strike 3-1: Base on Balls
|
Batting: RHB Jeff Harden
|
0-0: Fly out, F7 (Flyball, 7LSF)
|
Batting: LHB Fletcher White
|
0-0: Ball 1-0: Ball 2-0: Foul Ball, location: 2F 2-1: Fly out, F8 (Line Drive, 8LD)
|
Bottom of the 8th over - 0 runs, 0 hits, 0 errors, 1 left on base; North Carolina 4 - Iowa 5 |
TOP OF THE 9TH |
North Carolina Tar Heels batting - Pitching for Iowa Hawkeyes : RHP P.J. Pittman
|
Batting: LHB Alfonso Sánchez
|
0-0: Swinging Strike 0-1: Ball 1-1: Foul Ball, location: 2F 1-2: Ball 2-2: Ball 3-2: Foul Ball, location: 2F 3-2: Ground out 4-3 (Groundball, 4)
|
Batting: RHB Shane Hunter
|
0-0: Called Strike 0-1: Foul Ball, location: 2F 0-2: Fly out, F9 (Line Drive, 9D)
|
Batting: LHB Tim Black
|
0-0: Foul Ball, location: 2F 0-1: SOLO HOME RUN (Flyball, 9D), Distance : 345 ft
|
Batting: RHB Scotty Sherman
|
0-0: Fly out, F8 (Flyball, 8RD)
|
Top of the 9th over - 1 run, 1 hit, 0 errors, 0 left on base; North Carolina 5 - Iowa 5 |
BOTTOM OF THE 9TH |
Iowa Hawkeyes batting - Pitching for North Carolina Tar Heels : LHP Dan Womack
|
Batting: RHB Jack Black
|
0-0: Fly out, F9 (Flyball, 89S)
|
Batting: RHB Jim Jones
|
0-0: Ball 1-0: Fly out, F4 (Flyball, 4MD)
|
Batting: LHB Jesús Torres
|
0-0: Ground out 3-1 (Groundball, 34)
|
Bottom of the 9th over - 0 runs, 0 hits, 0 errors, 0 left on base; North Carolina 5 - Iowa 5 |
TOP OF THE 10TH |
North Carolina Tar Heels batting - Pitching for Iowa Hawkeyes : RHP P.J. Pittman
|
Batting: RHB Howard Brown
|
0-0: Called Strike 0-1: Called Strike 0-2: Strikes out swinging
|
Batting: RHB Doug Bruce
|
0-0: Foul Ball, location: 2F 0-1: Called Strike 0-2: Foul Ball, location: 2F 0-2: Fly out, F3 (Popup, 3F)
|
Batting: LHB Emory Bernal
|
0-0: Ball 1-0: Ball 2-0: Ball 3-0: Foul Ball, location: 2F 3-1: SOLO HOME RUN (Flyball, 9D), Distance : 357 ft
|
Pitching: RHP Félix Aguilar Jr.
|
|
Batting: LHB Stanley Woods
|
0-0: Ball 1-0: Ball 2-0: SINGLE (Groundball, 4MD)
|
Pinch Hitting: RHB James Shane
|
0-0: Ball Pickoff Throw to First - Error! E1 Stanley Woods to second 1-0: Swinging Strike 1-1: Foul Ball, location: 2F 1-2: Foul Ball, location: 2F 1-2: Strikes out looking
|
Top of the 10th over - 1 run, 2 hits, 1 error, 1 left on base; North Carolina 6 - Iowa 5 |
BOTTOM OF THE 10TH |
Iowa Hawkeyes batting - Pitching for North Carolina Tar Heels : LHP Dan Womack
|
Pitching: RHP Júlio Martínez
|
|
Now at 1B: Joe Lewis
|
|
Pinch Hitting: LHB Foster Clark
|
0-0: Called Strike 0-1: SINGLE (Groundball, 4MD)
|
Batting: RHB John Phillips
|
0-0: Fielders Choice at 2nd, 4-6 (Groundball, 4)
|
Batting: RHB Bill Wells
|
0-0: Ball 1-0: Ball 2-0: Ball 3-0: Base on Balls John Phillips to second
|
Batting: RHB Dan Perkins
|
0-0: Foul Ball, location: 2F 0-1: Fly out, F9 (Flyball, 9S)
|
Pinch Hitting: LHB Steve Barlow
|
0-0: Called Strike 0-1: Ball 1-1: Ball 2-1: Ball 3-1: Called Strike 3-2: Strikes out swinging
|
Bottom of the 10th over - 0 runs, 1 hit, 0 errors, 2 left on base; North Carolina 6 - Iowa 5 |
|